TOP OF THE 1ST |
El Paso Texans batting - Pitching for Nantucket Orcas : RHP John Arnold
|
Pitching: RHP John Arnold
|
|
Batting: LHB Mark Spencer
|
0-0: Ball 1-0: Foul Ball, location: 2F 1-1: Foul Ball, location: 2F 1-2: Ball 2-2: Ball 3-2: Base on Balls
|
Batting: RHB Cole Boehmer
|
0-0: Called Strike Mark Spencer steals 2nd base 0-1: Called Strike 0-2: Strikes out looking
|
Batting: SHB Richie Gallegos
|
0-0: Foul Ball, location: 2F 0-1: Swinging Strike 0-2: Ball 1-2: Ball 2-2: Ground out 4-3 (Groundball, 4) Mark Spencer to third
|
Batting: RHB Domingo Morales
|
0-0: Called Strike 0-1: Swinging Strike 0-2: Ball 1-2: Ball 2-2: Ball 3-2: Fly out, F8 (Flyball, 8RD)
|
Top of the 1st over - 0 runs, 0 hits, 0 errors, 1 left on base; El Paso 0 - Nantucket 0 |
BOTTOM OF THE 1ST |
Nantucket Orcas batting - Pitching for El Paso Texans : RHP Derek Baker
|
Pitching: RHP Derek Baker
|
|
Batting: RHB Fernando Álvarez
|
0-0: Ball 1-0: Called Strike 1-1: Ball 2-1: Ground out 4-3 (Groundball, 4M)
|
Batting: RHB Demetrio Inrouville
|
0-0: Called Strike 0-1: Foul Ball, location: 2F 0-2: Ball 1-2: Strikes out swinging
|
Batting: LHB Eugene Lee
|
0-0: Ball 1-0: Called Strike 1-1: Swinging Strike 1-2: Ground out U3 (Groundball, 34)
|
Bottom of the 1st over - 0 runs, 0 hits, 0 errors, 0 left on base; El Paso 0 - Nantucket 0 |
TOP OF THE 2ND |
El Paso Texans batting - Pitching for Nantucket Orcas : RHP John Arnold
|
Batting: SHB António Cervantes
|
0-0: Foul Ball, location: 2F 0-1: Ball 1-1: Foul Ball, location: 2F 1-2: Ball 2-2: Strikes out swinging
|
Batting: SHB Oliver Riley
|
0-0: Foul Ball, location: 2F 0-1: Ball 1-1: Called Strike 1-2: Foul Ball, location: 2F 1-2: Ball 2-2: Ball 3-2: Base on Balls
|
Batting: LHB John Fitzgerald
|
0-0: Ball 1-0: Ball Oliver Riley steals 2nd base 2-0: Called Strike 2-1: Foul Ball, location: 2F 2-2: Ball 3-2: Strikes out swinging
|
Batting: LHB Dave Tucker
|
0-0: Called Strike 0-1: Swinging Strike 0-2: Ball 1-2: Strikes out swinging
|
Top of the 2nd over - 0 runs, 0 hits, 0 errors, 1 left on base; El Paso 0 - Nantucket 0 |
BOTTOM OF THE 2ND |
Nantucket Orcas batting - Pitching for El Paso Texans : RHP Derek Baker
|
Batting: LHB Dennis King
|
0-0: Ball 1-0: Called Strike 1-1: Foul Ball, location: 2F 1-2: Ball 2-2: Foul Ball, location: 2F 2-2: SOLO HOME RUN (Flyball, 9D), Distance : 366 ft
|
Batting: RHB Paul Bell
|
0-0: Ground out 6-3 (Groundball, 6)
|
Batting: LHB Alfonso Vélez
|
0-0: Ball 1-0: Ball 2-0: Ground out 6-3 (Groundball, 6)
|
Batting: RHB Curt O'Brian
|
0-0: SINGLE (Line Drive, 8RS)
|
Batting: RHB Norberto Navarro
|
0-0: Foul Ball, location: 2F 0-1: Fly out, F5 (Line Drive, 56)
|
Bottom of the 2nd over - 1 run, 2 hits, 0 errors, 1 left on base; El Paso 0 - Nantucket 1 |
TOP OF THE 3RD |
El Paso Texans batting - Pitching for Nantucket Orcas : RHP John Arnold
|
Batting: SHB Miguel Hurtado
|
0-0: Ball 1-0: Ball 2-0: Swinging Strike 2-1: Ball 3-1: Foul Ball, location: 2F 3-2: Base on Balls
|
Batting: LHB Mark Spencer
|
0-0: Ball 1-0: Ball 2-0: Called Strike 2-1: Swinging Strike 2-2: Fly out, F8 (Flyball, 8LD)
|
Batting: RHB Cole Boehmer
|
0-0: Called Strike 0-1: Ball 1-1: Called Strike 1-2: Foul Ball, location: 2F 1-2: Ball 2-2: Foul Ball, location: 2F 2-2: Foul Ball, location: 2F 2-2: Foul Ball, location: 2F 2-2: Foul Ball, location: 2F 2-2: Ball 3-2: Fly out, F8 (Flyball, 8LS)
|
Batting: SHB Richie Gallegos
|
0-0: Called Strike 0-1: Ball 1-1: Ball 2-1: Foul Ball, location: 2F 2-2: Ground out 4-3 (Groundball, 34D)
|
Top of the 3rd over - 0 runs, 0 hits, 0 errors, 1 left on base; El Paso 0 - Nantucket 1 |
BOTTOM OF THE 3RD |
Nantucket Orcas batting - Pitching for El Paso Texans : RHP Derek Baker
|
Batting: RHB Luis Cruz
|
0-0: Ground out 6-3 (Groundball, 6)
|
Batting: RHB Fernando Álvarez
|
0-0: Ball 1-0: Foul Ball, location: 2F 1-1: Called Strike 1-2: Strikes out looking and he ARGUES THE CALL AND IS TOSSED!
|
Batting: RHB Demetrio Inrouville
|
0-0: SINGLE (Groundball, 6MD)
|
Batting: LHB Eugene Lee
|
0-0: Ball Demetrio Inrouville is caught stealing 2nd base
|
Bottom of the 3rd over - 0 runs, 1 hit, 0 errors, 0 left on base; El Paso 0 - Nantucket 1 |
TOP OF THE 4TH |
El Paso Texans batting - Pitching for Nantucket Orcas : RHP John Arnold
|
Now at SS: Armando Hernández
|
|
Batting: RHB Domingo Morales
|
0-0: Ball 1-0: Called Strike 1-1: Called Strike 1-2: Foul Ball, location: 2F 1-2: Foul Ball, location: 2F 1-2: Ball 2-2: Ball 3-2: Ground out 5-3 (Groundball, 56S)
|
Batting: SHB António Cervantes
|
0-0: Foul Ball, location: 2F 0-1: Ball 1-1: Foul Ball, location: 2F 1-2: Strikes out swinging
|
Batting: SHB Oliver Riley
|
0-0: Called Strike 0-1: Foul Ball, location: 2F 0-2: Foul Ball, location: 2F 0-2: Foul Ball, location: 2F 0-2: Ball 1-2: Ball 2-2: Foul Ball, location: 2F 2-2: Ball 3-2: Base on Balls
|
Batting: LHB John Fitzgerald
|
0-0: Foul Ball, location: 2F 0-1: Foul Ball, location: 2F 0-2: Ball 1-2: Foul Ball, location: 2F 1-2: Ball Oliver Riley steals 2nd base 2-2: Ball 3-2: SINGLE (Groundball, 4D) Oliver Riley to third Oliver Riley scores
|
Pitching: LHP Jesús Garza
|
|
Batting: LHB Dave Tucker
|
0-0: Ball 1-0: Called Strike 1-1: Foul Ball, location: 2F 1-2: Foul Ball, location: 2F 1-2: Fly out, F8 (Flyball, 78D)
|
Top of the 4th over - 1 run, 1 hit, 0 errors, 1 left on base; El Paso 1 - Nantucket 1 |
BOTTOM OF THE 4TH |
Nantucket Orcas batting - Pitching for El Paso Texans : RHP Derek Baker
|
Batting: LHB Eugene Lee
|
0-0: Ball 1-0: Called Strike 1-1: Ball 2-1: Ball 3-1: Base on Balls
|
Batting: LHB Dennis King
|
0-0: Ball Eugene Lee steals 2nd base 1-0: Ball 2-0: Called Strike 2-1: Foul Ball, location: 2F 2-2: Fly out, F9 (Flyball, 9LS)
|
Batting: RHB Paul Bell
|
0-0: Called Strike Eugene Lee steals 3rd base 0-1: Ball 1-1: 2-RUN HOME RUN (Flyball, 7D), Distance : 366 ft
|
Batting: LHB Alfonso Vélez
|
0-0: Ball 1-0: Ball 2-0: Foul Ball, location: 2F 2-1: Foul Ball, location: 2F 2-2: Reached on error, E5 (Groundball, 5)
|
Batting: RHB Curt O'Brian
|
0-0: Ball 1-0: Fielders Choice at 2nd, 6-4 (Groundball, 6D)
|
Batting: RHB Norberto Navarro
|
0-0: Ball 1-0: Fly out, F5 (Popup, 5F)
|
Bottom of the 4th over - 2 runs, 1 hit, 1 error, 1 left on base; El Paso 1 - Nantucket 3 |
TOP OF THE 5TH |
El Paso Texans batting - Pitching for Nantucket Orcas : LHP Jesús Garza
|
Batting: SHB Miguel Hurtado
|
0-0: Ball 1-0: Called Strike 1-1: Ball 2-1: Ground out 4-3 (Groundball, 34)
|
Batting: LHB Mark Spencer
|
0-0: Called Strike 0-1: Ball 1-1: Ball 2-1: Foul Ball, location: 2F 2-2: Ball 3-2: Foul Ball, location: 2F 3-2: Foul Ball, location: 2F 3-2: Foul Ball, location: 2F 3-2: Foul Ball, location: 2F 3-2: Strikes out swinging
|
Batting: RHB Cole Boehmer
|
0-0: Ball 1-0: Called Strike 1-1: Ball 2-1: Ball 3-1: Swinging Strike 3-2: Foul Ball, location: 2F 3-2: Strikes out looking
|
Top of the 5th over - 0 runs, 0 hits, 0 errors, 0 left on base; El Paso 1 - Nantucket 3 |
BOTTOM OF THE 5TH |
Nantucket Orcas batting - Pitching for El Paso Texans : RHP Derek Baker
|
Batting: RHB Luis Cruz
|
0-0: Foul Ball, location: 2F 0-1: Ball 1-1: Ball 2-1: Fly out, F9 (Line Drive, 89M)
|
Batting: RHB Armando Hernández
|
0-0: Ball 1-0: Ground out 6-3 (Groundball, 6)
|
Batting: RHB Demetrio Inrouville
|
0-0: Ball 1-0: Called Strike 1-1: Ball 2-1: Swinging Strike 2-2: Foul Ball, location: 2F 2-2: Ball 3-2: Foul Ball, location: 2F 3-2: Foul Ball, location: 2F 3-2: Strikes out looking
|
Bottom of the 5th over - 0 runs, 0 hits, 0 errors, 0 left on base; El Paso 1 - Nantucket 3 |
TOP OF THE 6TH |
El Paso Texans batting - Pitching for Nantucket Orcas : LHP Jesús Garza
|
Batting: SHB Richie Gallegos
|
0-0: Ball 1-0: Swinging Strike 1-1: Swinging Strike 1-2: Strikes out swinging
|
Batting: RHB Domingo Morales
|
0-0: Ball 1-0: Fly out, F9 (Flyball, 89D)
|
Batting: SHB António Cervantes
|
0-0: Fly out, F8 (Flyball, 8LM)
|
Top of the 6th over - 0 runs, 0 hits, 0 errors, 0 left on base; El Paso 1 - Nantucket 3 |
BOTTOM OF THE 6TH |
Nantucket Orcas batting - Pitching for El Paso Texans : RHP Derek Baker
|
Batting: LHB Eugene Lee
|
0-0: Called Strike 0-1: Ball 1-1: Swinging Strike 1-2: Ground out U3 (Groundball, 34S)
|
Batting: LHB Dennis King
|
0-0: Ball 1-0: Ball 2-0: Called Strike 2-1: Fly out, F6 (Popup, 56)
|
Batting: RHB Paul Bell
|
0-0: Called Strike 0-1: Fly out, F8 (Flyball, 8LS)
|
Bottom of the 6th over - 0 runs, 0 hits, 0 errors, 0 left on base; El Paso 1 - Nantucket 3 |
TOP OF THE 7TH |
El Paso Texans batting - Pitching for Nantucket Orcas : LHP Jesús Garza
|
Batting: SHB Oliver Riley
|
0-0: Swinging Strike 0-1: Fly out, F7 (Flyball, 7D)
|
Batting: LHB John Fitzgerald
|
0-0: Ball 1-0: Called Strike 1-1: Foul Ball, location: 2F 1-2: Strikes out swinging
|
Batting: LHB Dave Tucker
|
0-0: Ball 1-0: Called Strike 1-1: Fly out, F9 (Flyball, 9)
|
Top of the 7th over - 0 runs, 0 hits, 0 errors, 0 left on base; El Paso 1 - Nantucket 3 |
BOTTOM OF THE 7TH |
Nantucket Orcas batting - Pitching for El Paso Texans : RHP Derek Baker
|
Batting: LHB Alfonso Vélez
|
0-0: Ball 1-0: Swinging Strike 1-1: Called Strike 1-2: Ball 2-2: Foul Ball, location: 2F 2-2: DOUBLE (Line Drive, 78D)
|
Pitching: RHP Mike Church
|
|
Batting: RHB Curt O'Brian
|
0-0: Ground out 6-3 (Groundball, 6)
|
Batting: RHB Norberto Navarro
|
0-0: Intentional Walk
|
Pinch Hitting: RHB Juan Gómez
|
0-0: Called Strike 0-1: Grounds out, U3 (Groundball, 3L) Alfonso Vélez to third
|
Pinch Hitting: LHB Steve Blankenship
|
0-0: Ball 1-0: SINGLE (Groundball, 5D) Alfonso Vélez scores Norberto Navarro to third Runner from 3rd tries for Home, SAFE, no throw
|
Batting: RHB Demetrio Inrouville
|
0-0: Foul Ball, location: 2F 0-1: SINGLE (Line Drive, 9S) Steve Blankenship to second Runner from 2nd tries for 3rd, SAFE, no throw
|
Batting: LHB Eugene Lee
|
0-0: Ball 1-0: Fly out, F8 (Line Drive, 8RM)
|
Bottom of the 7th over - 2 runs, 3 hits, 0 errors, 2 left on base; El Paso 1 - Nantucket 5 |
TOP OF THE 8TH |
El Paso Texans batting - Pitching for Nantucket Orcas : LHP Jesús Garza
|
Pitching: LHP Luis Rincón
|
|
Now at 1B: Steve Blankenship
|
|
Now at SS: Ricardo Ontiveros
|
|
Batting: SHB Miguel Hurtado
|
0-0: Ball 1-0: Swinging Strike 1-1: Foul Ball, location: 2F 1-2: Ball 2-2: Strikes out swinging
|
Batting: LHB Mark Spencer
|
0-0: Called Strike 0-1: Swinging Strike 0-2: Ball 1-2: Strikes out swinging
|
Batting: RHB Cole Boehmer
|
0-0: Called Strike 0-1: Ball 1-1: Foul Ball, location: 2F 1-2: Ball 2-2: Foul Ball, location: 2F 2-2: Ball 3-2: SINGLE (Line Drive, 9S)
|
Batting: SHB Richie Gallegos
|
0-0: Called Strike 0-1: Swinging Strike 0-2: Ball 1-2: Strikes out looking
|
Top of the 8th over - 0 runs, 1 hit, 0 errors, 1 left on base; El Paso 1 - Nantucket 5 |
BOTTOM OF THE 8TH |
Nantucket Orcas batting - Pitching for El Paso Texans : RHP Mike Church
|
Batting: LHB Dennis King
|
0-0: Ball 1-0: Ball 2-0: Ball 3-0: Called Strike 3-1: Foul Ball, location: 2F 3-2: Base on Balls
|
Batting: RHB Paul Bell
|
0-0: Ball 1-0: Ball 2-0: SINGLE (Line Drive, 78S) Dennis King to second
|
Batting: LHB Alfonso Vélez
|
0-0: Called Strike 0-1: Swinging Strike 0-2: Foul Ball, location: 2F 0-2: Ball 1-2: Ball 2-2: Ball 3-2: Foul Ball, location: 2F 3-2: Fielders Choice at 2nd, 1-6 (Groundball, 13) Dennis King to third
|
Batting: RHB Curt O'Brian
|
0-0: Ball 1-0: SINGLE (Groundball, 6MD) Dennis King scores Alfonso Vélez to second
|
Batting: RHB Norberto Navarro
|
0-0: Called Strike 0-1: Swinging Strike 0-2: Ball 1-2: Strikes out looking
|
Batting: RHB Ricardo Ontiveros
|
0-0: SINGLE (Line Drive, 7LS) Alfonso Vélez to third Curt O'Brian to second
|
Batting: LHB Steve Blankenship
|
Balk! Alfonso Vélez scores Curt O'Brian to third Ricardo Ontiveros to second 0-0: Ball 1-0: Called Strike 1-1: Called Strike 1-2: Ball 2-2: Strikes out swinging
|
Bottom of the 8th over - 2 runs, 3 hits, 0 errors, 2 left on base; El Paso 1 - Nantucket 7 |
TOP OF THE 9TH |
El Paso Texans batting - Pitching for Nantucket Orcas : LHP Luis Rincón
|
Batting: RHB Domingo Morales
|
0-0: Called Strike 0-1: Ball 1-1: Swinging Strike 1-2: Ball 2-2: Foul Ball, location: 2F 2-2: Ball 3-2: Base on Balls
|
Batting: SHB António Cervantes
|
0-0: Called Strike 0-1: Foul Ball, location: 2F 0-2: Ball 1-2: Foul Ball, location: 2F 1-2: Ball 2-2: Foul Ball, location: 2F 2-2: Foul Ball, location: 2F 2-2: Ball 3-2: Base on Balls Domingo Morales to second
|
Batting: SHB Oliver Riley
|
0-0: Foul Ball, location: 2F 0-1: Called Strike 0-2: Ball 1-2: Strikes out swinging
|
Batting: LHB John Fitzgerald
|
0-0: Fly out, F8 (Flyball, 8LS)
|
Batting: LHB Dave Tucker
|
0-0: Ball 1-0: Swinging Strike 1-1: Swinging Strike 1-2: Strikes out looking
|
Top of the 9th over - 0 runs, 0 hits, 0 errors, 2 left on base; El Paso 1 - Nantucket 7 |
|